 Dungeon Crawl Stone Soup version 0.17-a0-26-g7f25774 (webtiles) character file.

60 drfino the Firebug (level 3, -2/20 HPs)
             Began as an Imp Fire Elementalist on Apr 27, 2015.
             Killed from afar by an orc wizard (9 damage)
             ... with a puff of flame
             ... on level 3 of the Dungeon.
             The game lasted 00:15:09 (1150 turns).

drfino the Firebug (Imp Fire Elementalist)          Turns: 1150, Time: 00:15:09

Health: -2/20      AC:  2    Str:  7    XL:     3   Next: 82%
Magic:  3/6        EV: 19    Int: 15    God:
Gold:   121        SH:  0    Dex: 16    Spells: 3 memorised, 0 levels left

rFire  . . .     SeeInvis .     (no weapon)
rCold  . . .     Clarity  .     a - +0 robe
rNeg   + + +     SustAb   .     (shield restricted)
rPois  ∞         Gourm    .     (helmet restricted)
rElec  .         Spirit   .     (no cloak)
rCorr  .         Warding  .     (gloves unavailable)
rMut   .         Rnd*Tele +     (boots unavailable)
MR     .....                    (no amulet)
Stlth  ++........               (no ring)
                                (no ring)

@: not resistant to hostile enchantments, unstealthy
A: unfitting armour, blink 2, negative energy resistance 3, regeneration 1,
screaming 3, teleportitis 2, torment resistance
a: Blink


You were on level 3 of the Dungeon.
You were hungry.

You visited 1 branch of the dungeon, and saw 3 of its levels.

You collected 121 gold pieces.

Inventory:

Armour
 a - a +0 robe (worn)
Potions
 e - a potion of might
 f - a potion of invisibility {unknown}
Books
 b - a book of Flames

   Spells                             Type                      Level
   a - Flame Tongue                   Conjuration/Fire             1
   b - Throw Flame                    Conjuration/Fire             2
   c - Conjure Flame                  Conjuration/Fire             3
   d - Inner Flame                    Hexes/Fire                   3
   e - Sticky Flame                   Conjuration/Fire             4
   f - Fireball                       Conjuration/Fire             5
Comestibles
 c - 3 bread rations
 d - 4 chunks of flesh


   Skills:
 + Level 0.5 Fighting
 + Level 3.6 Dodging
 + Level 2.4 Stealth
 + Level 2.3 Spellcasting
 + Level 1.1 Conjurations
 + Level 4.6 Fire Magic


You couldn't memorise any spells.
You knew the following spells:

 Your Spells              Type           Power        Failure   Level  Hunger
a - Flame Tongue          Conj/Fire      ##...        10%         1    #......
b - Conjure Flame         Conj/Fire      ##......     24%         3    ###....
c - Throw Flame           Conj/Fire      ##....       12%         2    ###....


Dungeon Overview and Level Annotations

Branches:
Dungeon (3/15)

Altars:


Innate Abilities, Weirdness & Mutations

You are immune to poison.
You are tiny and cannot use many weapons and most armour.
You are good at translocating small distances at will.
You are immune to negative energy.
Your natural rate of healing is unusually fast.
You frequently scream uncontrollably at your foes.
Space sometimes distorts in your vicinity.
You are immune to unholy pain and torment.


Message History

There is an open door here.
The orc wizard gestures wildly while chanting.
You feel a wave of unholy energy pass over you.
The orc wizard casts a spell.
The orc wizard seems to speed up.
Found a club.
Casting: Throw Flame
Confirm with . or Enter, or press ? or * to list all spells.
Aiming: Conjure Flame
Press: ? - help, Dir - move target cursor, p - orc wizard The fire roars!
The orc wizard closely misses you. The orc wizard closely misses you.
The orc wizard hits you but does no damage.
The orc wizard hits you with a dagger.
You completely miss the orc wizard.
The orc wizard is heavily wounded.
The orc wizard hits you with a dagger. The orc wizard casts a spell at you.
The puff of flame hits you!
You die...

#.###.##### #.# #.#
# .#.###.#
#######.#.....#####
#...#...#.#.#......
#.#.#.###....o.....
#........##.##[....
#.#....§.....'.....
#.@o..##.#####.....
###)####.# #.....
#... #.. #.....
####.###. #..... ..
.. #..... .
..#..... . #..... .


You could see an orc wizard.

Vanquished Creatures
  A hound skeleton (D:2)
  3 adders (D:2)
  2 adder skeletons (D:2)
  2 orcs (D:3)
  A bat (D:3)
  A hobgoblin (D:2)
  A kobold (D:1)
  A ball python zombie (D:2)
  2 giant newts (D:2)
  2 goblins (D:2)
  A jackal skeleton (D:2)
  2 rats
19 creatures vanquished.

Notes
Turn   | Place    | Note
--------------------------------------------------------------
     0 | D:1      | drfino, the Imp Fire Elementalist, began the quest for the Orb.
     0 | D:1      | Reached XP level 1. HP: 10/10 MP: 3/3
   238 | D:2      | Reached skill level 4 in Fire Magic
   238 | D:2      | Reached XP level 2. HP: 15/15 MP: 1/4
   439 | D:2      | Reached XP level 3. HP: 19/19 MP: 0/6
   626 | D:2      | Reached skill level 1 in Conjurations
   807 | D:2      | Learned a level 3 spell: Conjure Flame
   810 | D:2      | Learned a level 2 spell: Throw Flame
  1111 | D:3      | HP: 1/20 [orc wizard/puff of frost (12)]
  1150 | D:3      | Killed from afar by an orc wizard

Action                   || total
-------------------------++-------
Melee: Unarmed           ||    28
 Cast: Flame Tongue      ||    39
       Throw Flame       ||     4
       Conjure Flame     ||     2
 Abil: Blink             ||     9
  Use: Scroll            ||     3
  Eat: Chunk             ||     2
